 Dungeon Crawl Stone Soup version 0.29.1 (webtiles) character file.

Game seed: 11498714642904158093

44625 Jakudza the Stormcaller (level 14, -4/68 HPs)
             Began as a Tengu Air Elementalist on Sept 13, 2022.
             Was a High Priest of Vehumet.
             Slain by Agnes
             ... wielding a +0 lajatang
              (24 damage)
             ... on level 3 of the Snake Pit on Sept 14, 2022.
             The game lasted 02:22:53 (27994 turns).

Jakudza the Stormcaller (Tengu Air Elementalist)   Turns: 27994, Time: 02:22:54

Health: -4/68      AC: 11    Str:  9    XL:     14   Next: 29%
Magic:  9/24       EV: 24    Int: 21    God:    Vehumet [*****.]
Gold:   867        SH:  0    Dex: 18    Spells: 3/25 levels left

rFire   + . .      SeeInvis .   r - +2 rapier (protect)
rCold   . . .      Faith    .   (no shield)
rNeg    . . .      Spirit   .   B - +2 steam dragon scales
rPois   +          Reflect  .   m - +2 hat
rElec   .          Harm     .   x - +0 cloak of Amorality {rCorr Dex+4}
rCorr   +          Rampage  .   d - +0 pair of gloves
Will    +....                   (boots unavailable)
Stlth   ++........              (no amulet)
HPRegen 0.21/turn               k - ring of protection from fire
MPRegen 0.19/turn               n - ring of poison resistance

@: flying quickly and evasively, quick
A: beak, talons 3, nimble flight
a: Renounce Religion


You were on level 3 of the Snake Pit.
You worshipped Vehumet.
Vehumet was extremely pleased with you.
You visited 3 branches of the dungeon, and saw 17 of its levels.
You also visited: Ossuary.

You collected 1166 gold pieces.
You spent 299 gold pieces at shops.

Inventory:

Hand Weapons
 r - a +2 rapier of protection (weapon)
Armour
 d - a +0 pair of gloves (worn)
 g - a +2 robe of cold resistance
 m - a +2 hat (worn)
 x - the +0 cloak of Amorality (worn) {rCorr Dex+4}
   (You found it on level 8 of the Dungeon)

   Dex:       It affects your dexterity (+4).
   rCorr:     It protects you from acid and corrosion.
 B - +2 steam dragon scales (worn)
Jewellery
 k - a ring of protection from fire (left hand)
 n - a ring of poison resistance (right hand)
Wands
 f - a wand of paralysis (7)
 q - a wand of flame (137)
 u - a wand of roots (42)
Scrolls
 a - a scroll of enchant weapon
 h - 3 scrolls of magic mapping
 i - 2 scrolls of amnesia
 l - 2 scrolls of fear
 s - 3 scrolls of identify
 t - a scroll of blinking
 v - 9 scrolls of teleportation
Potions
 b - a potion of magic
 c - 4 potions of curing
 e - 2 potions of brilliance
 j - a potion of heal wounds
 o - 4 potions of haste
 p - 2 potions of cancellation
 w - 4 potions of invisibility
 z - 4 potions of resistance
Miscellaneous
 y - a phantom mirror


   Skills:
 + Level 12.3 Dodging
 - Level 2.1 Stealth
 - Level 6.0 Spellcasting
 + Level 14.4 Conjurations
 * Level 0.7 Fire Magic
 + Level 8.4 Ice Magic
 * Level 20.0 Air Magic


You had 3 spell levels left.
You knew the following spells:

 Your Spells              Type           Power      Damage    Failure   Level
a - Shock                 Conj/Air       100%       1d9       0%          1
b - Static Discharge      Conj/Air       68%        3-12/arc  0%          2
c - Swiftness             Air            74%        N/A       0%          3
d - Airstrike             Air            37%        2d(6-22)  1%          4
e - Searing Ray           Conj           100%       2d8       1%          2
f - Freezing Cloud        Conj/Ice/Air   30%        6-21      1%          5
g - Lightning Bolt        Conj/Air       34%        1d51      1%          5

Your spell library contained the following spells:

 Spells                   Type           Power      Damage    Failure   Level
 Flame Wave               Conj/Fire      38%        2d10      1%          4
 Poisonous Vapours        Pois/Air       96%        N/A       1%          2
 Dazzling Flash           Conj/Hex       72%        N/A       1%          3
 Mephitic Cloud           Conj/Pois/Air  53%        N/A       1%          3
 Ozocubu's Armour         Ice            41%        N/A       1%          3
 Ignite Poison            Fire/Tmut/Pois 7%         N/A       7%          3
 Necrotise                Necr           24%        1d5       10%         1
 Sting                    Tmut/Pois      24%        1d4       10%         1
 Sublimation of Blood     Necr           6%         N/A       14%         2
 Vampiric Draining        Necr           6%         2d6       28%         3
 Irradiate                Conj/Tmut      18%        3d17      4%          5
 Silence                  Hex/Air        24%        N/A       4%          5
 Maxwell's Capacitive Co  Air            37%        ∞         4%          8
 Summon Ice Beast         Ice/Summ       23%        N/A       17%         4
 Olgreb's Toxic Radiance  Pois           6%         N/A       24%         4
 Metabolic Englaciation   Hex/Ice        11%        N/A       43%         5
 Anguish                  Hex/Necr       3%         N/A       67%         4
 Petrify                  Tmut/Erth      6%         N/A       67%         4
 Agony                    Necr           6%         N/A       95%         5
 Summon Mana Viper        Hex/Summ       6%         N/A       95%         5
 Simulacrum               Ice/Necr       11%        N/A       95%         6
 Enfeeble                 Hex            3%         N/A       100%        7
 Monstrous Menagerie      Summ           3%         N/A       100%        7


Dungeon Overview and Level Annotations

Branches:
Dungeon (12/15)            Temple (0/1) D:6            Lair (2/5) D:11
  Snake (3/4) Lair:2      Ossuary (visited)
  Swamp: Lair:2-3    Shoals: Lair:2-3       Orc: D:9-12

Altars:
Ashenzari
Dithmenos
Fedhas
Gozag
Hepliaklqana
Makhleb
Sif Muna
Trog
Uskayaw
Vehumet

Shops:
D:11 [

Annotations:
Snake:3 Agnes


Innate Abilities, Weirdness & Mutations

You have a beak for a mouth.
You have claws for feet.
Your magical nature lets you fly swiftly and evasively.


Message History

Confirm with . or Enter, or press ? or * to list all spells.
Aiming: Freezing Cloud (dangerous; 1% risk of failure)
Press: ? - help, Dir - move target That beam is likely to hit you.
Continue anyway?
Agnes is engulfed in freezing vapours. x2
Agnes is engulfed in freezing vapours.
The black mamba closely misses you.
Agnes is engulfed in freezing vapours.
The black mamba bites you!
Casting: Freezing Cloud (dangerous; 1% risk of failure)
Confirm with . or Enter, or press ? or * to list all spells.
The black mamba is struck by an arc of lightning.
The black mamba is lightly wounded.
Agnes is struck by an arc of lightning!
Agnes is heavily wounded.
You are struck by an arc of lightning.
Agnes is struck by an arc of lightning.
Agnes is heavily wounded.
The black mamba is struck by an arc of lightning!
The black mamba is heavily wounded.
Agnes is struck by an arc of lightning!
Agnes is severely wounded.
The lightning grounds out.
Agnes hits you with a +0 lajatang. The black mamba completely misses you.
Agnes hits you with a +0 lajatang!! The black mamba closely misses you.
Casting: Static Discharge (safe; 0% risk of failure)
Confirm with . or Enter, or press ? or * to list all spells.
Aiming: Airstrike (safe; 1% risk of failure)
Press: ? - help, Dir - move target, f - Agnes
Aim: Agnes, wielding a +0 lajatang and wearing a +0 robe (severely wounded, empty space bonus: 6/8)
The air twists around and strikes Agnes!
Agnes is severely wounded.
Agnes hits you with a +0 lajatang!!
* * * LOW HITPOINT WARNING * * *
The black mamba misses you. Agnes misses you.
Okay, then.
You feel much better. The black mamba closely misses you.
Agnes completely misses you. The black mamba bites you!
* * * LOW HITPOINT WARNING * * *
As you read the scroll of fear, it crumbles to dust.
You assume a fearsome visage.
Agnes resists with almost no effort.
The black mamba looks frightened!
Agnes hits you with a +0 lajatang!!
You die...

.................
.................
.................
................. #
........)........ #
#................. .##
#...........§§§.§..
..#####.........@S.§°§§§..
.................i.§§§§§..
......................§☼..
.......#..................
#......##.................
#.##...###................
.# #.^...####.............
.###...#.....†............
......##...#........##..


You could see Agnes and a black mamba (fleeing).

Vanquished Creatures
  Rupert (Snake:1)
  2 hydras (Lair:1)
  Erica (D:8)
  2 two-headed ogres
  4 anacondas
  4 naga warriors
  3 death yaks
  3 shock serpents
  A salamander mystic (Snake:2)
  3 naga ritualists
  5 mana vipers
  An ugly thing (D:9)
  2 salamanders (Snake:2)
  2 cyclopes (D:11)
  2 naga magi (Snake:2)
  6 elephants (Lair:2)
  Joseph (D:7)
  17 black mambas
  A torpor snail (Lair:1)
  An unseen horror (D:10)
  Maggie (Lair:2)
  3 cane toads (Lair:1)
  A kobold demonologist (D:11)
  3 komodo dragons (Lair:1)
  A rime drake (Lair:1)
  3 trolls (D:11)
  A hornet (D:11)
  Grinder (D:4)
  A shadow (D:9)
  Sigmund (D:3)
  3 wyverns
  10 spriggans (Lair:1)
  2 wraiths
  14 yaks
  Eustachio (D:6)
  3 steam dragons
  5 vampire mosquitoes
  A basilisk (Lair:2)
  Menkaure (D:4)
  16 nagas
  5 water moccasins
  Duvessa (D:7)
  5 ice beasts
  5 orc warriors
  2 black bears
  2 centaurs
  4 wolves (Lair:1)
  2 ogres
  Blork the orc (D:6)
  5 kobold brigands
  7 bullfrogs
  2 scorpions
  2 necrophages (D:5)
  2 gnoll sergeants
  7 wights
  Dowan (D:7)
  4 killer bees
  12 howler monkeys
  3 jellies
  3 hounds
  4 orc priests
  2 gnoll boudas
  Jessica (D:3)
  6 iguanas
  Ijyb (D:4)
  Natasha (thrice) (D:3)
  10 orc wizards
  2 hell rats (D:11)
  8 mummies (Ossuary)
  Robin (D:4)
  34 gnolls
  2 river rats (D:11)
  7 adders
  2 shadow imps (D:7)
  A white imp (D:8)
  An ufetubus (D:6)
  A worm (D:2)
  A dart slug (D:3)
  62 orcs
  5 ball pythons
  6 endoplasms
  4 giant cockroaches
  2 gnoll zombies (Ossuary)
  21 goblins
  13 hobgoblins
  19 jackals
  30 kobolds
  2 quokkas (D:11)
  6 bats
  2 frilled lizards
  3 hobgoblin zombies (Ossuary)
  2 kobold zombies (Ossuary)
  An orc zombie (Ossuary)
  6 rats
  A butterfly (Lair:2)
481 creatures vanquished.

Vanquished Creatures (others)
  6 fungi
  13 plants
19 creatures vanquished.

Grand Total: 500 creatures vanquished

Notes
Turn   | Place    | Note
-------+----------+-------------------------------------------
     0 | D:1      | Jakudza the Tengu Air Elementalist began the quest for the
                  | Orb.
     0 | D:1      | Reached XP level 1. HP: 10/10 MP: 4/4
    81 | D:1      | Reached XP level 2. HP: 11/15 MP: 0/6
   904 | D:2      | Reached XP level 3. HP: 19/19 MP: 5/7
  1201 | D:2      | Found a faded altar of an unknown god.
  1435 | D:2      | Learned a level 2 spell: Static Discharge
  1439 | D:2      | Learned a level 3 spell: Swiftness
  1596 | D:2      | Reached XP level 4. HP: 24/24 MP: 1/9
  2382 | D:3      | Reached skill level 5 in Air Magic
  2700 | D:3      | Noticed Natasha
  2703 | D:3      | Killed Natasha
  2704 | D:3      | Gained mutation: Your magical nature lets you fly swiftly
                  | and evasively. [Tengu growth]
  2704 | D:3      | Reached XP level 5. HP: 28/28 MP: 7/10
  2976 | D:3      | Noticed Natasha
  2979 | D:3      | Killed Natasha
  3068 | D:3      | Noticed Natasha
  3372 | D:3      | Noticed Jessica
  3381 | D:3      | Reached XP level 6. HP: 28/32 MP: 6/12
  3382 | D:3      | Killed Jessica
  3502 | D:3      | Killed Natasha
  3503 | D:3      | Reached skill level 6 in Air Magic
  3807 | D:3      | Reached XP level 7. HP: 36/36 MP: 9/14
  4572 | D:3      | Reached skill level 7 in Air Magic
  4898 | D:3      | Noticed Sigmund
  4908 | D:3      | Learned a level 4 spell: Airstrike
  4913 | D:3      | Killed Sigmund
  4914 | D:3      | Reached skill level 5 in Spellcasting
  4914 | D:3      | Reached XP level 8. HP: 34/41 MP: 7/16
  5123 | D:3      | Found a shimmering blue altar of Sif Muna.
  5477 | D:4      | Reached skill level 5 in Conjurations
  5523 | D:4      | Reached skill level 8 in Air Magic
  5531 | D:4      | Noticed Grinder
  5534 | D:4      | Killed Grinder
  5721 | D:4      | Found a hide-covered altar of Uskayaw.
  5746 | D:4      | Noticed Menkaure
  5748 | D:4      | Killed Menkaure
  5749 | D:4      | Reached skill level 5 in Dodging
  5757 | D:4      | Noticed Ijyb
  5759 | D:4      | Killed Ijyb
  5989 | D:4      | Noticed Robin
  6025 | D:4      | Killed Robin
  6302 | D:5      | Entered Level 5 of the Dungeon
  6390 | D:5      | Reached skill level 9 in Air Magic
  6455 | D:5      | Reached XP level 9. HP: 21/45 MP: 1/19
  6526 | D:5      | Found a sand-covered staircase.
  6535 | Ossuary  | Entered an ossuary
  7582 | D:6      | Found an opulent altar of Gozag.
  7677 | D:6      | Found a radiant altar of Vehumet.
  7691 | D:6      | Became a worshipper of Vehumet
  7703 | D:6      | Reached skill level 10 in Air Magic
  7880 | D:6      | Noticed Eustachio
  7946 | D:6      | Killed Eustachio
  8082 | D:6      | Found a staircase to the Ecumenical Temple.
  8446 | D:6      | Noticed Blork the orc
  8449 | D:6      | Killed Blork the orc
  8672 | D:6      | Reached skill level 11 in Air Magic
  9089 | D:7      | Noticed Joseph
  9097 | D:7      | Killed Joseph
  9098 | D:7      | Reached XP level 10. HP: 31/50 MP: 1/20
  9223 | D:7      | Reached skill level 12 in Air Magic
  9293 | D:7      | Reached * piety under Vehumet
  9293 | D:7      | Offered knowledge of Sandblast by Vehumet.
  9434 | D:7      | Noticed Duvessa
  9730 | D:7      | Noticed Dowan
  9740 | D:7      | Killed Duvessa
  9740 | D:7      | Killed Dowan
  9934 | D:7      | Found a burning altar of Makhleb.
 10670 | D:8      | Noticed Erica
 10674 | D:8      | Killed Erica
 10675 | D:8      | Reached skill level 13 in Air Magic
 11049 | D:8      | Identified the +0 cloak of Amorality {rCorr Dex+4}
 11802 | D:9      | Reached ** piety under Vehumet
 11802 | D:9      | Offered knowledge of Searing Ray by Vehumet.
 11867 | D:9      | Noticed a white ugly thing
 11873 | D:9      | Killed a white ugly thing
 12163 | D:9      | Reached skill level 14 in Air Magic
 12356 | D:9      | Reached skill level 10 in Conjurations
 12429 | D:9      | Learned a level 2 spell: Searing Ray
 12433 | D:9      | Found a broken altar of Ashenzari.
 12437 | D:9      | Saw a vision of the Shoals and the Snake Pit.
 12437 | D:9      | Noticed a sea snake
 12437 | D:9      | Noticed a naga mage
 12437 | D:9      | Noticed a naga sharpshooter
 12437 | D:9      | Noticed a sea snake
 12437 | D:9      | Noticed a merfolk aquamancer
 12437 | D:9      | Noticed a merfolk aquamancer
 12437 | D:9      | Noticed a harpy
 12438 | D:9      | Noticed a naga warrior
 12441 | D:9      | Noticed a black mamba
 12530 | D:9      | Reached XP level 11. HP: 54/54 MP: 7/21
 12637 | D:9      | Found a shadowy altar of Dithmenos.
 12700 | D:9      | Found a hazy altar of Hepliaklqana.
 12761 | D:9      | Offered knowledge of Conjure Flame by Vehumet.
 13197 | D:9      | Found a blossoming altar of Fedhas.
 13393 | D:10     | Entered Level 10 of the Dungeon
 13448 | D:10     | Reached *** piety under Vehumet
 13883 | D:10     | Noticed a two-headed ogre
 13920 | D:10     | Killed a two-headed ogre
 14184 | D:10     | Found a bloodstained altar of Trog.
 14467 | D:10     | Offered knowledge of Fulminant Prism by Vehumet.
 14468 | D:10     | Reached skill level 15 in Air Magic
 15128 | D:11     | Noticed a cyclops
 15132 | D:11     | Killed a cyclops
 15466 | D:11     | Noticed a two-headed ogre
 15479 | D:11     | Killed a two-headed ogre
 15861 | D:11     | Noticed a cyclops
 15865 | D:11     | Killed a cyclops
 15866 | D:11     | Reached skill level 16 in Air Magic
 16163 | D:11     | Noticed a death yak
 16167 | D:11     | Noticed a death yak
 16645 | D:12     | Killed a death yak
 16646 | D:12     | Reached skill level 10 in Dodging
 16712 | D:12     | Learned a level 5 spell: Freezing Cloud
 16817 | D:11     | Noticed a death yak
 17145 | D:11     | Killed a death yak
 17146 | D:11     | Reached XP level 12. HP: 59/59 MP: 8/22
 17156 | D:11     | Killed a death yak
 17283 | D:11     | Found a staircase to the Lair.
 17314 | D:11     | Found Nugic's Antique Armour Boutique.
 17318 | D:11     | Bought a glowing robe for 103 gold pieces
 17318 | D:11     | Bought an embroidered hat for 196 gold pieces
 17718 | Lair:1   | Entered Level 1 of the Lair of Beasts
 17948 | Lair:1   | Reached skill level 1 in Ice Magic
 18355 | Lair:1   | Reached skill level 17 in Air Magic
 18491 | Lair:1   | Reached **** piety under Vehumet
 18678 | Lair:1   | Noticed a five-headed hydra
 18689 | Lair:1   | Killed a five-headed hydra
 19004 | Lair:1   | Offered knowledge of Olgreb's Toxic Radiance by Vehumet.
 19926 | Lair:1   | Noticed a four-headed hydra
 19934 | Lair:1   | Killed a four-headed hydra
 20499 | Lair:2   | Reached skill level 18 in Air Magic
 20501 | Lair:2   | Reached skill level 5 in Ice Magic
 20501 | Lair:2   | Reached XP level 13. HP: 49/63 MP: 9/23
 21131 | Lair:2   | Found a staircase to the Snake Pit.
 21598 | Lair:2   | Identified the +1 robe of Trumpets {rC+ Slay+3}
 21758 | Lair:2   | Noticed Maggie
 21763 | Lair:2   | Killed Maggie
 22393 | Snake:1  | Entered Level 1 of the Snake Pit
 24131 | Snake:1  | Reached skill level 19 in Air Magic
 24858 | Snake:1  | Noticed Rupert
 24881 | Snake:1  | Killed Rupert
 25858 | Snake:2  | Learned a level 5 spell: Lightning Bolt
 25877 | Snake:2  | Reached XP level 14. HP: 68/68 MP: 3/24
 26861 | Snake:2  | Reached ***** piety under Vehumet
 26935 | Snake:2  | Offered knowledge of Flame Wave by Vehumet.
 27238 | Snake:2  | Reached skill level 20 in Air Magic
 27986 | Snake:3  | Noticed Agnes
 27994 | Snake:3  | Slain by Agnes

Illustrated notes

Levels and vault maps discovered:
D:1:      lemuel_arrival_hallway, layout_basic, serial_corexii_hall,
          chequers_hall_statues_wall_a, chequers_hall_statues_wall_a
D:2:      layout_basic, hellmonk_ecumenical_altar_arch_garden,
          chequers_mini_garden, minmay_goblin_kobold_house
D:3:      lemuel_castle_with_subvaults [lemuel_castle_interior_carwin_3],
          layout_loops_ring, mainiacjoe_overflow_alcove_2, uniq_jessica,
          uniq_natasha, uniq_sigmund
D:4:      layout_basic, old_standard_altar, uniq_robin, uniq_menkaure,
          uniq_ijyb, uniq_grinder
D:5:      layout_basic, enter_ossuary_3
D:6:      layout_gridville, grunt_gozag_statues, nicolae_vehumet_radiance,
          minmay_temple_entry_sparse_star, uniq_eustachio, uniq_blork_the_orc
D:7:      layout_gridville, mainiacjoe_overflow_paths, minmay_fractal_squares_5,
          uniq_duvessa, uniq_joseph
D:8:      layout_basic, nicolae_concentric_dashed_squares_wild, minivault_27,
          uniq_erica
D:9:      layout_big_octagon, lemuel_round_altar, grunt_ashenzari_visionary
          [grunt_ashenzari_visionary_shoals, grunt_ashenzari_visionary_snake],
          grunt_dithmenos_shadows, mainiacjoe_overflow_concentric_impassable,
          enter_bailey_5
D:10:     layout_grid_maze, mainiacjoe_overflow_tiny_flanked
D:11:     layout_roguey, dpeg_lair_monsters, serial_shops, nicolae_shop_stone,
          chequers_arboretum
D:12:     layout_irregular_city, kennysheep_orc_monster_closet_entryway,
          minivault_25_ag, uniq_nergalle
Lair:1:   kb_forest_paths, layout_gridlike, lemuel_another_geyser
Lair:2:   layout_cellular_growth, minmay_snake_entry_guardpost_large,
          lemuel_fruit_fields, uniq_maggie
Snake:1:  layout_grid_shapes, uniq_rupert
Snake:2:  layout_cave_town, nicolae_integral_box
Snake:3:  kennysheep_six_static_rooms, layout_cave_shapes, drop_trap,
          uniq_asterion, uniq_agnes

Skill      XL: |  1  2  3  4  5  6  7  8  9 10 11 12 13 14 |
---------------+-------------------------------------------+-----
Conjurations   | 2 3 4 6 8 10 11 12 14 | 14.4
Air Magic      | 5 6 7 9 11 14 16 18 19 20 | 20.0
Spellcasting   | 3 4 5 6 |  6.0
Dodging        | 3 4 5 7 8 10 11 12 | 12.3
Ice Magic      | 5 7 8 |  8.4
Stealth        | |  2.1
Fire Magic     | |  0.7

Action                   |  1- 3 |  4- 6 |  7- 9 | 10-12 | 13-15 || total
-------------------------+-------+-------+-------+-------+-------++-------
Melee: Short sword       |     4 |     2 |     7 |       |       ||    13
       Kick              |     1 |     1 |     2 |     1 |     8 ||    13
       Peck              |       |     1 |     1 |     1 |     5 ||     8
       Rapier            |       |       |       |     3 |    15 ||    18
 Cast: Shock             |    78 |    99 |   260 |   214 |    31 ||   682
       Static Discharge  |       |    16 |    27 |    84 |    29 ||   156
       Airstrike         |       |       |    35 |   137 |   114 ||   286
       Freezing Cloud    |       |       |       |    28 |    33 ||    61
       Searing Ray       |       |       |       |     5 |     2 ||     7
       Swiftness         |       |       |       |       |     6 ||     6
       Lightning Bolt    |       |       |       |       |     3 ||     3
Evoke: Wand              |       |       |       |     2 |       ||     2
  Use: Scroll            |     6 |     1 |    12 |    12 |     2 ||    33
       Potion            |       |       |     1 |     3 |     4 ||     8
Armor: Robe              |     1 |     2 |     4 |     4 |       ||    11
       Steam dragon scal |       |       |       |    11 |    15 ||    26
Dodge: Dodged            |    10 |    18 |    30 |    98 |    80 ||   236
